 Dungeon Crawl Stone Soup version 0.27.1-34-g3ba077fa99 (webtiles) character file.

Game seed: 11895485609477154480

219 KamiKatze the Shield-Bearer (level 5, -2/33 HPs)
             Began as a Gargoyle Fighter on Jan 6, 2022.
             Slain by a vampire (6 damage)
             ... on level 1 of the Abyss.
             The game lasted 00:12:26 (2996 turns).

KamiKatze the Shield-Bearer (Gargoyle Fighter)      Turns: 2996, Time: 00:12:27

Health: -2/33      AC: 13    Str: 21    XL:     5   Next: 96%
Magic:  5/5        EV: 11    Int:  8    God:
Gold:   154        SH:  0    Dex:  9    Spells: 4/4 levels left

rFire    . . .     SeeInvis .   a - +0 war axe
rCold    . . .     Faith    .   c - +0 kite shield
rNeg     + . .     Spirit   .   b - +1 scale mail
rPois    ∞         Reflect  .   r - +0 helmet
rElec    +         Harm     .   (no cloak)
rCorr    .         Rampage  .   (no gloves)
Will     .....                  (no boots)
Stlth    ..........             (no amulet)
HPRegen  0.11/turn              l - +4 ring of evasion
MPRegen  0.09/turn              (no ring)

@: confused, mighty, flying
A: sickness immunity, AC +4, negative energy resistance 1, electricity
resistance, torment resistance 1, petrification resistance
a: no special abilities


You were on level 1 of the Abyss.
You visited 1 branch of the dungeon, and saw 4 of its levels.
You visited the Abyss 1 time.

You collected 154 gold pieces.

Inventory:

Hand Weapons
 a - a +0 war axe (weapon)
 q - a +6 trident of protection
Missiles
 k - 42 stones (quivered)
Armour
 b - a +1 scale mail (worn)
 c - a +0 kite shield (worn)
 e - a +0 chain mail
 r - a +0 helmet (worn)
Jewellery
 l - a +4 ring of evasion (left hand)
Scrolls
 g - a scroll of torment {unknown}
 i - a scroll of enchant weapon {unknown}
 j - a scroll of enchant armour
 m - a scroll of holy word {unknown}
 n - a scroll of identify {unknown}
 o - a scroll of teleportation {unknown}
 p - a scroll of magic mapping {unknown}
Potions
 d - a potion of might


   Skills:
 + Level 4.2 Fighting
 * Level 3.3 Axes
 + Level 4.1 Armour
 * Level 4.9 Shields


You had 4 spell levels left.
You didn't know any spells.
Your spell library was empty.

Dungeon Overview and Level Annotations

Branches:
Dungeon (4/15)
 Temple: D:4-7

Altars:

Annotations:
D:4 Dowan, Duvessa


Innate Abilities, Weirdness & Mutations

You are immune to sickness and miasma.
Your stone body is resilient. (AC +4)
You are immune to poison.
You resist negative energy. (rN+)
You are resistant to electric shocks. (rElec)
You are resistant to unholy torment.
You are immune to petrification.


Message History

Unknown command.
The vampire hits you but does no damage.
The vampire barely misses you.
You bump into the stone wall.
The vampire hits you.
* * * LOW HITPOINT WARNING * * *
The vampire barely misses you.
Unknown command.
You feel a little less mighty now.
The vampire mumbles some strange words.
The vampire flickers and vanishes!
Deactivating autopickup; reactivate with Ctrl-A.
Unknown command.
You bump into the stone wall.
Something hits you.
* * * LOW HITPOINT WARNING * * *
Something bites you but does no damage.
Unknown command.
You feel much better. Something hits you but does no damage.
Something bites you.
You miss something. Something hits you. Something bites you.
* * * LOW HITPOINT WARNING * * *
Unknown command.
You bump into the stone wall.
Something hits you but does no damage. Something bites you.
* * * LOW HITPOINT WARNING * * *
Unknown command.
You feel very mighty all of a sudden. Something hits you.
* * * LOW HITPOINT WARNING * * *
Something bites you.
* * * LOW HITPOINT WARNING * * *
Unknown command.
You closely miss something.
You hear some strange, mumbled words.
Something tries to affect you, but you resist.
Something hits you but does no damage. Something bites you but does no damage.
Unknown command.
You closely miss something. Something hits you.
* * * LOW HITPOINT WARNING * * *
Something bites you.
You die...

## # #. ##.
.#.##..####
#
#..#.##.#.#
#..
#.......#
#...##.....#
#..@....#
#..#.#.##
##.###..# #
.##.#..# #
.## ###.#
##.....#..##
#.8.## .. .
# ####'
..###.## .
.... .. # #
#


There were no monsters in sight!

Vanquished Creatures
  Jessica (D:3)
  Robin (D:4)
  4 gnolls (D:3)
  6 adders
  3 worms
  A dart slug (D:3)
  5 orcs (D:3)
  2 bats
  9 endoplasms
  A giant cockroach (D:3)
  12 goblins
  11 hobgoblins
  3 kobolds
  2 quokkas
  5 ball pythons
  3 frilled lizards
  6 rats
75 creatures vanquished.

Notes
Turn   | Place    | Note
-------+----------+-------------------------------------------
     0 | D:1      | KamiKatze the Gargoyle Fighter began the quest for the Orb.
     0 | D:1      | Reached XP level 1. HP: 14/14 MP: 1/1
   211 | D:1      | Reached XP level 2. HP: 15/19 MP: 2/2
   267 | D:1      | Found a faded altar of an unknown god.
   646 | D:1      | Reached XP level 3. HP: 11/23 MP: 3/3
  1529 | D:3      | Reached XP level 4. HP: 25/29 MP: 4/4
  1742 | D:3      | Noticed Jessica
  1750 | D:3      | Killed Jessica
  1774 | D:3      | Reached XP level 5. HP: 23/33 MP: 5/5
  2570 | D:4      | Noticed Robin
  2776 | D:4      | Killed Robin
  2857 | D:4      | Noticed Duvessa
  2949 | D:4      | Noticed Dowan
  2951 | D:4      | Cast into level 1 of the Abyss (Duvessa)
  2970 | Abyss:1  | Noticed a vampire
  2996 | Abyss:1  | Slain by a vampire

Illustrated notes

Levels and vault maps discovered:
D:1:      heliophobic_arrival_enchanted_forest, layout_rooms,
          hellmonk_ecumenical_altar_lost_god
D:2:      layout_basic
D:3:      minmay_chambers_of_twos, layout_loops_ring, grunt_decor_arrowhead,
          uniq_jessica
D:4:      layout_gridville, minmay_misc_feat_tiny, hangedman_glass_teeth,
          grunt_ministairs_13, uniq_duvessa, uniq_crazy_yiuf_cottage,
          uniq_robin, uniq_sigmund
Abyss:1:  base:
D:3

Skill      XL: |  1  2  3  4  5 |
---------------+----------------+-----
Axes           | 2 3 |  3.3
Shields        | 4 |  4.9
Fighting       | 4 |  4.2
Armour         | 4 |  4.1

Action                   |  1- 3 |  4- 6 || total
-------------------------+-------+-------++-------
Melee: War axe           |   104 |   143 ||   247
  Use: Potion            |       |     6 ||     6
       Scroll            |       |     1 ||     1
Armor: Scale mail        |    45 |    61 ||   106
Dodge: Dodged            |    41 |    83 ||   124
Block: Kite shield       |    48 |    97 ||   145
